 Dungeon Crawl Stone Soup version 0.28.0-49-g6dfe1f597d (webtiles) character file.

Game seed: 11270384995756766627

28 nickcage the Cudgeller (level 3, -2/30 HPs)
             Began as a Minotaur Gladiator on May 17, 2022.
             Slain by an orc
             ... wielding a +2 falchion of holy wrath
              (5 damage)
             ... on level 2 of the Dungeon.
             The game lasted 00:01:14 (891 turns).

nickcage the Cudgeller (Minotaur Gladiator)          Turns: 891, Time: 00:01:16

Health: -2/30      AC:  3    Str: 20    XL:     3   Next: 0%
Magic:  2/2        EV: 12    Int:  5    God:
Gold:   35         SH:  0    Dex: 11    Spells: 2/2 levels left

rFire   . . .      SeeInvis .   a - +0 flail
rCold   . . .      Faith    .   (no shield)
rNeg    . . .      Spirit   .   b - +0 leather armour
rPois   .          Reflect  .   c - +0 hat
rElec   .          Harm     .   (no cloak)
rCorr   .          Rampage  .   (no gloves)
Will    .....                   (no boots)
Stlth   +.........              e - amulet of regeneration
HPRegen 0.90/turn               (no ring)
MPRegen 0.08/turn               (no ring)

@: no status effects
A: horns 2, retaliatory headbutt
a: no special abilities


You were on level 2 of the Dungeon.
You visited 1 branch of the dungeon, and saw 2 of its levels.

You collected 35 gold pieces.

Inventory:

Hand Weapons
 a - a +0 flail (weapon)
Missiles
 d - 3 throwing nets (quivered)
Armour
 b - a +0 leather armour (worn)
 c - a +0 hat (worn)
Jewellery
 e - an amulet of regeneration (around neck)
Scrolls
 f - a scroll of fear {unknown}
Potions
 g - a potion of magic {unknown}


   Skills:
 - Level 2.4 Fighting
 + Level 5.1 Maces & Flails
 - Level 2.0 Throwing
 - Level 3.2 Dodging


You had 2 spell levels left.
You didn't know any spells.
Your spell library was empty.

Dungeon Overview and Level Annotations

Branches:
Dungeon (1/15)

Altars:


Innate Abilities, Weirdness & Mutations

You have a pair of horns on your head.
You reflexively headbutt those who attack you in melee.


Message History

a +0 club; a goblin corpse
Things that are here:
a +0 club; a hobgoblin corpse; a goblin corpse
Things that are here:
a +0 club; a goblin corpse A sourceless malevolence fills the Dungeon...
You fall into a shaft and drop 1 floor!
The shaft crumbles and collapses.
An orc priest and 4 orcs come into view.
An orc is wielding a +2 falchion of holy wrath.
The orc shouts! x4
Found 5 gold pieces.
You hit the orc.
The orc is heavily wounded.
The orc hits you but does no damage.
The orc hits you with a +2 falchion of holy wrath!
You closely miss the orc.
The orc is heavily wounded.
The orc hits you with a +0 club. The orc hits you but does no damage.
The orc hits you with a +2 falchion of holy wrath.
You closely miss the orc. You headbutt the orc.
The orc is severely wounded.
The orc hits you with a +0 club.
The orc priest calls upon Beogh to heal the orc.
The orc's wounds heal themselves!
The orc closely misses you. The orc barely misses you.
You closely miss the orc. Your headbutt misses the orc.
You punch the orc, but do no damage. The orc hits you with a +0 club.
The orc closely misses you. The orc hits you but does no damage.
You closely miss the orc priest. The orc barely misses you.
The orc priest hits you with a +0 dagger.
The orc closely misses you. The orc hits you but does no damage.
You sock the orc priest!
The orc priest is heavily wounded.
The orc hits you with a +0 club.
The orc priest mumbles some strange prayers to Beogh against you.
Beogh smites you!
* * * LOW HITPOINT WARNING * * *
The orc hits you with a +2 falchion of holy wrath.
You die...

## .. ###
## ⌠$#
##.. ..##
#.... ..#
#.#...#o#
#....oo@#
#.....oo#
#.......#
#.#...#.#
#.......#
.........
..... ###
###..


You could see an orc priest and 4 orcs.

Vanquished Creatures
  2 ball pythons (D:1)
  3 endoplasms (D:1)
  2 giant cockroaches (D:1)
  A hobgoblin (D:1)
  4 jackals (D:1)
  3 kobolds (D:1)
  A bat (D:1)
  5 goblins (D:1)
  2 rats (D:1)
23 creatures vanquished.

Notes
Turn   | Place    | Note
-------+----------+-------------------------------------------
     0 | D:1      | nickcage the Minotaur Gladiator began the quest for the
                  | Orb.
     0 | D:1      | Reached XP level 1. HP: 18/18 MP: 0/0
   230 | D:1      | Reached skill level 4 in Maces & Flails
   439 | D:1      | Reached XP level 2. HP: 25/25 MP: 1/1
   864 | D:1      | Reached skill level 5 in Maces & Flails
   868 | D:1      | Reached XP level 3. HP: 21/30 MP: 2/2
   885 | D:1      | You fall into a shaft and drop 1 floor!
   891 | D:2      | Slain by an orc

Illustrated notes

Levels and vault maps discovered:
D:1:      psy_arrival_dodecagon, layout_basic,
          hellmonk_ecumenical_altar_pennies_from_heaven, minmay_misc_feat_rows
D:2:      cheibrodos_pilgrimage, layout_loops_ring

Skill      XL: |  1  2 |
---------------+-------+-----
Maces & Flails | 4 5 |  5.1
Fighting       | |  2.4
Throwing       | |  2.0
Dodging        | |  3.2

Action                   || total
-------------------------++-------
Melee: Flail             ||    50
       Headbutt          ||    11
       Punch             ||     3
Armor: Leather armour    ||    22
Dodge: Dodged            ||    31
